 Dungeon Crawl Stone Soup version 0.28.0-49-g6dfe1f597d (webtiles) character file.

Game seed: 14929819983780700073

363 Keeper01 the Skirmisher (level 6, 0/56 HPs)
             Began as a Hill Orc Berserker on May 10, 2022.
             Was a Follower of Trog.
             Slain by an ufetubus (2 damage)
             ... on level 4 of the Dungeon.
             The game lasted 00:15:37 (3618 turns).

Keeper01 the Skirmisher (Hill Orc Berserker)        Turns: 3618, Time: 00:15:40

Health: 0/56       AC:  2    Str: 22    XL:     6   Next: 67%
Magic:  6/6        EV: 12    Int:  7    God:    Trog [*.....]
Gold:   125        SH:  5    Dex: 10    Spells: 5/5 levels left

rFire   . . .      SeeInvis .   a - +0 mace
rCold   . . .      Faith    .   f - +2 buckler
rNeg    . . .      Spirit   .   b - +0 animal skin
rPois   .          Reflect  .   (no helmet)
rElec   .          Harm     .   (no cloak)
rCorr   .          Rampage  .   (no gloves)
Will    .....                   (no boots)
Stlth   ++........              (no amulet)
HPRegen 0.18/turn               (no ring)
MPRegen 0.10/turn               (no ring)

@: lethally poisoned (0 -> -3), on berserk cooldown, hasted and slowed
A: no striking features
a: Renounce Religion, Berserk


You were on level 4 of the Dungeon.
You worshipped Trog.
Trog was aware of your devotion.
You visited 1 branch of the dungeon, and saw 6 of its levels.

You collected 125 gold pieces.

Inventory:

Hand Weapons
 a - a +0 mace (weapon)
Missiles
 m - 4 datura-tipped darts (quivered)
Armour
 b - a +0 animal skin (worn)
 f - a +2 buckler (worn)
Wands
 o - a wand of polymorph (7)
Scrolls
 d - a scroll of enchant armour
 e - a scroll of fear {unknown}
 h - a scroll of magic mapping {unknown}
 j - 2 scrolls of fog
 k - 2 scrolls of teleportation {unknown}
 n - a scroll of amnesia {unknown}
Potions
 c - 2 potions of lignification
 i - 2 potions of flight {unknown}
 l - a potion of heal wounds {unknown}


   Skills:
 + Level 5.4 Fighting
 + Level 5.0 Maces & Flails
 + Level 2.8 Armour
 + Level 2.9 Dodging
 + Level 1.4 Stealth
 + Level 0.4 Shields
 + Level 1.4 Unarmed Combat


You had 5 spell levels left.
You didn't know any spells.
Your spell library was empty.

Dungeon Overview and Level Annotations

Branches:
Dungeon (6/15)
 Temple: D:4-7

Altars:

Shops:
D:3 !

Annotations:
D:5 Eustachio, Menkaure


Message History

An orc comes into view. It is wielding a +0 dagger.
You barely miss the iguana.
The iguana is heavily wounded.
The adder closely misses you.
The kobold unwields a +0 hand crossbow.
The kobold wields a +0 dagger.
The kobold barely misses you.
The howler monkey hoots and howls with incredible vigour!
The iguana misses you.
You sock the iguana!
The iguana is almost dead.
The adder bites you.
You are poisoned.
The adder poisons you! The howler monkey hits you.
* * * LOW HITPOINT WARNING * * *
The iguana barely misses you. The kobold hits you with a +0 dagger.
* * * LOW HITPOINT WARNING * * *
An orc comes into view. It is wielding a +0 club.
You are too berserk!
You closely miss the iguana.
The iguana is almost dead.
You feel sick. You block the adder's attack.
The howler monkey barely misses you. The iguana bites you!
* * * LOW HITPOINT WARNING * * *
You feel sick.
The kobold unwields a +0 dagger.
The kobold wields a +0 hand crossbow.
The kobold shoots a bolt.
The bolt barely misses you.
You feel a strong urge to attack something.
You are no longer berserk.
You are exhausted.
You feel yourself slow down.
You feel sick. The adder bites you.
* * * LOW HITPOINT WARNING * * *
You are lethally poisoned!
The adder poisons you! The iguana barely misses you.
The howler monkey hoots and howls with incredible vigour!
It was a potion of haste.
You feel yourself speed up.
* * * LOW HITPOINT WARNING * * *
You feel sick. The adder barely misses you.
An orc comes into view. It is wielding a +0 hand axe.
You block the iguana's attack. The ufetubus completely misses you.
The ufetubus hits you.
You die...

...###.# #. .o###..##..
..##### #.##.##.....
.......#####..#[?.#.....
.........#.o..#.∩[#.....
..........o.#.#.5.#.....
...........##.##5##..###
...w........#..###..##
.......@h....#.....##
......5lS.....##..##
........K......#...####
...............#......#
...................####
....(..........<####
.................#
..................#
...........!......#


You could see a worm, a howler monkey (catching breath), an iguana, an adder, 3
orcs, an ufetubus and a kobold.

Vanquished Creatures
  An ogre (D:5)
  A scorpion (D:5)
  A water moccasin zombie (D:5)
  Jessica (D:2)
  2 iguanas (D:5)
  Natasha (twice) (D:2)
  An adder (D:3)
  An endoplasm (D:2)
  A giant cockroach (D:2)
  2 goblins (D:2)
  4 hobgoblins
  4 kobolds
  A quokka (D:1)
  5 ball pythons
  3 bats
  A rat (D:2)
31 creatures vanquished.

Vanquished Creatures (others)
  A plant (D:1)
1 creature vanquished.

Grand Total: 32 creatures vanquished

Notes
Turn   | Place    | Note
-------+----------+-------------------------------------------
     0 | D:1      | Keeper01 the Hill Orc Berserker began the quest for the
                  | Orb.
     0 | D:1      | Reached XP level 1. HP: 19/19 MP: 1/1
   604 | D:2      | Reached XP level 2. HP: 16/27 MP: 2/2
   778 | D:2      | Noticed Jessica
   793 | D:2      | Noticed Natasha
   794 | D:2      | Killed Jessica
   795 | D:2      | Reached XP level 3. HP: 4/33 MP: 3/3
   805 | D:2      | Killed Natasha
   806 | D:2      | Reached XP level 4. HP: 7/41 MP: 4/4
  1156 | D:2      | Noticed Natasha
  1189 | D:2      | Killed Natasha
  2020 | D:3      | Found Esagaucw's Distillery.
  2077 | D:5      | Entered Level 5 of the Dungeon
  2077 | D:5      | Noticed a lemure
  2077 | D:5      | Noticed a lemure
  2077 | D:5      | Noticed Eustachio
  2082 | D:5      | Noticed Menkaure
  2092 | D:6      | Noticed a centaur
  2374 | D:5      | Noticed an ogre
  2389 | D:5      | Killed an ogre
  2390 | D:5      | Reached skill level 5 in Fighting
  2390 | D:5      | Reached XP level 5. HP: 24/48 MP: 5/5
  2703 | D:5      | Reached skill level 1 in Stealth
  2703 | D:5      | Reached skill level 1 in Unarmed Combat
  2703 | D:5      | Reached XP level 6. HP: 39/56 MP: 6/6
  3109 | D:5      | Reached skill level 5 in Maces & Flails
  3618 | D:4      | HP: 2/56 [poisoned by an adder]
  3618 | D:4      | Slain by an ufetubus

Illustrated notes

Levels and vault maps discovered:
D:1:      minmay_arrival_plants_in_alcoves, layout_basic,
          dreamdust_ecumenical_altar_angels_and_demons
D:2:      layout_loops_ring, uniq_jessica, uniq_natasha
D:3:      layout_loops_cross, serial_shops,
          nicolae_shop_temple_entry_statues_fountains, minmay_close_crescents
D:4:      cheibrodos_quashed, layout_layer_cave, zin_statuary, enter_ossuary_4,
          kennysheep_nub, minmay_snake_closets
D:5:      layout_loops_ring, kennysheep_doodads, uniq_pikel, uniq_eustachio,
          uniq_menkaure
D:6:      layout_loops_ring, cheibrodos_ashenzari_chains, temple_green,
          uniq_duvessa

Skill      XL: |  1  2  3  4  5  6 |
---------------+-------------------+-----
Fighting       | 4 5 |  5.4
Maces & Flails | 4 5 |  5.0
Dodging        | 2 |  2.9
Stealth        | 1 |  1.4
Unarmed Combat | 1 |  1.4
Armour         | |  2.8
Shields        | |  0.4

Action                   |  1- 3 |  4- 6 || total
-------------------------+-------+-------++-------
Melee: Mace              |    41 |    72 ||   113
       Unarmed           |     1 |    16 ||    17
Invok: Berserk           |       |     6 ||     6
  Use: Scroll            |     1 |     1 ||     2
       Potion            |       |     2 ||     2
Armor: Animal skin       |    30 |     3 ||    33
       Skin              |       |     5 ||     5
Dodge: Dodged            |    65 |    68 ||   133
Block: Buckler           |       |    17 ||    17
